EL
FRISCO ROUGHRIDERS @ NORTHWEST ARKANSAS NATURALS
09/04/2046
 
TOP OF THE 1ST
Frisco RoughRiders batting - Pitching for Northwest Arkansas Naturals : RHP Matt Voulgaris
Pitching: RHP Matt Voulgaris
Batting: RHB Kurt Wagner 0-0: Swinging Strike
0-1: Foul Ball, location: 2F
0-2: Ball
1-2: Ball
2-2: Foul Ball, location: 2F
2-2: Ball
3-2: Fly out, F7 (Flyball, 7, EV 89.4 MPH)
Batting: LHB Manuel Arguello 0-0: Called Strike
0-1: Called Strike
0-2: Ball
1-2: Strikes out swinging, 2-3 out at first.
Batting: SHB Johnny Stables 0-0: Ball
1-0: Ball
2-0: Ball
3-0: Base on Balls
Batting: LHB Davey Schonewille 0-0: Called Strike
0-1: Ball
1-1: Fly out, F9 (Flyball, 9S, EV 86.2 MPH)
Top of the 1st over - 0 runs, 0 hits, 0 errors, 1 left on base; Frisco 0 - Northwest Arkansas 0
BOTTOM OF THE 1ST
Northwest Arkansas Naturals batting - Pitching for Frisco RoughRiders : RHP Tony Castellanos
Pitching: RHP Tony Castellanos
Batting: RHB Danny Weisse 0-0: Ball
1-0: Ball
2-0: Called Strike
2-1: Ground out 6-3 (Groundball, 6, EV 83.8 MPH)
Batting: RHB Yi-lin Niu 0-0: Ball
1-0: Ground out 4-3 (Groundball, 4, EV 91.9 MPH)
Batting: RHB Alex Cid 0-0: Called Strike
0-1: Foul Ball, location: 2F
0-2: Foul Ball, location: 2F
0-2: Ball
1-2: Foul Ball, location: 2F
1-2: Ball
2-2: Fly out, F6 (Popup, 6MD, EV 46.2 MPH)
Bottom of the 1st over - 0 runs, 0 hits, 0 errors, 0 left on base; Frisco 0 - Northwest Arkansas 0
TOP OF THE 2ND
Frisco RoughRiders batting - Pitching for Northwest Arkansas Naturals : RHP Matt Voulgaris
Batting: LHB Justin Barker 0-0: Foul Ball, location: 2F
0-1: Called Strike
0-2: Ball
1-2: Ball
2-2: SINGLE (Popup, 5D, EV 67.5 MPH)
Batting: RHB Chris Torlak 0-0: Called Strike
0-1: SINGLE (Groundball, 4MS, EV 66.9 MPH) (infield hit)
Justin Barker to second
Batting: RHB Jason Swisher 0-0: Called Strike
0-1: Called Strike
0-2: Fielders Choice at 2nd, 3-6 (Groundball, 3, EV 85.0 MPH)
Justin Barker to third
Batting: RHB Adryão Anto 0-0: Ball
1-0: Ball
2-0: Called Strike
2-1: Ball
3-1: SINGLE (Groundball, 34D, EV 94.4 MPH)
Justin Barker scores
Jason Swisher to second
Runner from 2nd tries for 3rd, SAFE, throw by RF made at trailing runner, OUT! 9-6
Pitching: RHP Philip Terrell
Batting: SHB Reagan Dudley 0-0: Called Strike
0-1: Foul Ball, location: 2F
0-2: Strikes out swinging
Top of the 2nd over - 1 run, 3 hits, 0 errors, 1 left on base; Frisco 1 - Northwest Arkansas 0
BOTTOM OF THE 2ND
Northwest Arkansas Naturals batting - Pitching for Frisco RoughRiders : RHP Tony Castellanos
Batting: RHB Kevin Roseen 0-0: Called Strike
0-1: Ball
1-1: Ball
2-1: SINGLE (Groundball, 56D, EV 97.5 MPH)
Batting: SHB Jason Anaya 0-0: Swinging Strike
0-1: Foul Ball, location: 2F
0-2: Foul Ball, location: 2F
0-2: Ball
1-2: Ball
2-2: Foul Ball, location: 2F
2-2: Foul Ball, location: 2F
2-2: Fielders Choice at 2nd, 4-6 (Groundball, 34, EV 87.5 MPH)
Batting: LHB Josh Moore 0-0: Foul Ball, location: 2F
0-1: Foul Ball, location: 2F
0-2: Ball
Jason Anaya steals 2nd base
1-2: Foul Ball, location: 2F
1-2: Ball
2-2: Strikes out swinging
Batting: RHB Kevin Allen 0-0: Called Strike
0-1: Foul Ball, location: 2F
0-2: Strikes out looking
Bottom of the 2nd over - 0 runs, 1 hit, 0 errors, 1 left on base; Frisco 1 - Northwest Arkansas 0
TOP OF THE 3RD
Frisco RoughRiders batting - Pitching for Northwest Arkansas Naturals : RHP Philip Terrell
Batting: RHB Kurt Wagner 0-0: Ball
1-0: Ball
2-0: Called Strike
2-1: Foul Ball, location: 2F
2-2: Foul Ball, location: 2F
2-2: Ball
3-2: SINGLE (Line Drive, 8LS, EV 93.1 MPH)
Batting: LHB Manuel Arguello 0-0: Foul Ball, location: 2F
0-1: Reached on error, E4 (Groundball, 34, EV 82.5 MPH)
Kurt Wagner to second
Batting: SHB Johnny Stables 0-0: Swinging Strike
0-1: SINGLE (Groundball, 15S, EV 75.6 MPH) (infield hit)
Kurt Wagner to third
Manuel Arguello to second
Batting: LHB Davey Schonewille 0-0: Reached on error, E4 (Groundball, 4, EV 80.6 MPH)
Kurt Wagner scores
Manuel Arguello to third
Johnny Stables to second
Batting: LHB Justin Barker 0-0: Swinging Strike
0-1: Fly out, F8 (Flyball, 8RXD, EV 105.6 MPH)
Runner from 3rd tags up, SCORES, no throw by CF
Johnny Stables to third
Batting: RHB Chris Torlak 0-0: Called Strike
0-1: Ball
Davey Schonewille steals 2nd base
1-1: Fly out, F7 (Line Drive, 7, EV 94.4 MPH)
Runner from 3rd tags up, SCORES, throw by LF
Davey Schonewille to third
Pitching: RHP Matt Slater
Batting: RHB Jason Swisher 0-0: Ball
1-0: Foul Ball, location: 2F
1-1: DOUBLE (Line Drive, 9LM, EV 97.5 MPH)
Davey Schonewille scores
Batting: RHB Adryão Anto 0-0: Ball
1-0: Called Strike
1-1: Ground out U3 (Groundball, 3, EV 91.9 MPH)
Top of the 3rd over - 4 runs, 3 hits, 2 errors, 1 left on base; Frisco 5 - Northwest Arkansas 0
BOTTOM OF THE 3RD
Northwest Arkansas Naturals batting - Pitching for Frisco RoughRiders : RHP Tony Castellanos
Batting: RHB Ben Minge 0-0: Ball
1-0: Ground out 5-3 (Groundball, 56S, EV 61.9 MPH)
Batting: LHB Joel Page 0-0: Ball
1-0: Ground out 6-3 (Groundball, 6, EV 101.2 MPH)
Batting: RHB Danny Weisse 0-0: Ball
1-0: Ball
2-0: Called Strike
2-1: Ground out 5-3 (Groundball, 5D, EV 100.6 MPH)
Bottom of the 3rd over - 0 runs, 0 hits, 0 errors, 0 left on base; Frisco 5 - Northwest Arkansas 0
TOP OF THE 4TH
Frisco RoughRiders batting - Pitching for Northwest Arkansas Naturals : RHP Matt Slater
Batting: SHB Reagan Dudley 0-0: Called Strike
0-1: Foul Ball, location: 2F
0-2: Ground out 4-3 (Groundball, 4, EV 85.6 MPH)
Batting: RHB Kurt Wagner 0-0: Ball
1-0: Called Strike
1-1: Ball
2-1: Called Strike
2-2: Ball
3-2: Base on Balls
Batting: LHB Manuel Arguello 0-0: Fly out, F7 (Flyball, 7LSF, EV 83.8 MPH)
Batting: SHB Johnny Stables 0-0: Called Strike
Kurt Wagner steals 2nd base
0-1: Ball
1-1: SINGLE (Line Drive, 8LS, EV 89.4 MPH)
Kurt Wagner to third
Runner from 3rd tries for Home, SAFE, throw by CF to home
Pitching: LHP Jake Warwick
Batting: LHB Davey Schonewille 0-0: Ball
1-0: Called Strike
1-1: Swinging Strike
1-2: Strikes out swinging
Top of the 4th over - 1 run, 1 hit, 0 errors, 1 left on base; Frisco 6 - Northwest Arkansas 0
BOTTOM OF THE 4TH
Northwest Arkansas Naturals batting - Pitching for Frisco RoughRiders : RHP Tony Castellanos
Batting: RHB Yi-lin Niu 0-0: Ground out 6-3 (Groundball, 6, EV 82.5 MPH)
Batting: RHB Alex Cid 0-0: Called Strike
0-1: Foul Ball, location: 2F
0-2: Foul Ball, location: 2F
0-2: Ground out 3-1 (Groundball, 34, EV 88.8 MPH)
Batting: RHB Kevin Roseen 0-0: Ball
1-0: Foul Ball, location: 2F
1-1: Foul Ball, location: 2F
1-2: Strikes out swinging
Bottom of the 4th over - 0 runs, 0 hits, 0 errors, 0 left on base; Frisco 6 - Northwest Arkansas 0
TOP OF THE 5TH
Frisco RoughRiders batting - Pitching for Northwest Arkansas Naturals : LHP Jake Warwick
Batting: LHB Justin Barker 0-0: Ball
1-0: Fly out, F7 (Flyball, 7, EV 78.8 MPH)
Batting: RHB Chris Torlak 0-0: Ball
1-0: Called Strike
1-1: Ground out 5-3 (Groundball, 56S, EV 67.5 MPH)
Batting: RHB Jason Swisher 0-0: Ball
1-0: Called Strike
1-1: Ball
2-1: Called Strike
2-2: SINGLE (Groundball, 6MD, EV 105.0 MPH)
Batting: RHB Adryão Anto 0-0: SINGLE (Groundball, 6D, EV 103.8 MPH)
Jason Swisher to second
Batting: SHB Reagan Dudley 0-0: Called Strike
0-1: Ball
1-1: Fly out, F9 (Flyball, 9D, EV 80.0 MPH)
Top of the 5th over - 0 runs, 2 hits, 0 errors, 2 left on base; Frisco 6 - Northwest Arkansas 0
BOTTOM OF THE 5TH
Northwest Arkansas Naturals batting - Pitching for Frisco RoughRiders : RHP Tony Castellanos
Batting: SHB Jason Anaya 0-0: Foul Ball, location: 2F
0-1: Ball
1-1: Swinging Strike
1-2: Strikes out swinging
Batting: LHB Josh Moore 0-0: Foul Ball, location: 2F
0-1: Ground out U3 (Groundball, 3L, EV 101.9 MPH)
Batting: RHB Kevin Allen 0-0: Called Strike
0-1: Called Strike
0-2: Strikes out looking
Bottom of the 5th over - 0 runs, 0 hits, 0 errors, 0 left on base; Frisco 6 - Northwest Arkansas 0
TOP OF THE 6TH
Frisco RoughRiders batting - Pitching for Northwest Arkansas Naturals : LHP Jake Warwick
Pitching: RHP Matthew Orphan
Batting: RHB Kurt Wagner 0-0: Swinging Strike
0-1: Ball
1-1: Swinging Strike
1-2: Foul Ball, location: 2F
1-2: Foul Ball, location: 2F
1-2: Foul Ball, location: 2F
1-2: Foul Ball, location: 2F
1-2: Foul Ball, location: 2F
1-2: Fly out, F6 (Line Drive, 6D, EV 65.6 MPH)
Batting: LHB Manuel Arguello 0-0: Ball
1-0: Foul Ball, location: 2F
1-1: Ball
2-1: SOLO HOME RUN (Flyball, 7LD, EV 98.1 MPH), Distance : 353 ft
Batting: SHB Johnny Stables 0-0: Foul Ball, location: 2F
0-1: Ball
1-1: Ball
2-1: Called Strike
2-2: Foul Ball, location: 2F
2-2: Strikes out swinging
Pitching: RHP Tim Tucker
Batting: LHB Davey Schonewille 0-0: Ball
1-0: SOLO HOME RUN (Flyball, 9LD, EV 96.9 MPH), Distance : 367 ft
Batting: LHB Justin Barker 0-0: Called Strike
0-1: Ball
1-1: Ball
2-1: Ball
3-1: Swinging Strike
3-2: Foul Ball, location: 2F
3-2: Strikes out swinging
Top of the 6th over - 2 runs, 2 hits, 0 errors, 0 left on base; Frisco 8 - Northwest Arkansas 0
BOTTOM OF THE 6TH
Northwest Arkansas Naturals batting - Pitching for Frisco RoughRiders : RHP Tony Castellanos
Batting: RHB Ben Minge 0-0: Called Strike
0-1: Ground out 6-3 (Groundball, 6, EV 84.4 MPH)
Batting: LHB Joel Page 0-0: Swinging Strike
0-1: DOUBLE (Groundball, 3L, EV 103.1 MPH)
Batting: RHB Danny Weisse 0-0: Foul Ball, location: 2F
0-1: Ground out 6-3 (Groundball, 6M, EV 93.1 MPH)
Joel Page to third
Batting: RHB Yi-lin Niu 0-0: SINGLE (Groundball, 4MD, EV 108.1 MPH)
Joel Page scores
Batting: RHB Alex Cid 0-0: Ball
1-0: Called Strike
1-1: Swinging Strike
1-2: SINGLE (Flyball, 8RS, EV 88.8 MPH)
Yi-lin Niu to second
Runner from 2nd tries for 3rd, SAFE, no throw by CF
Batting: RHB Kevin Roseen 0-0: Called Strike
0-1: Ball
1-1: Ball
2-1: Called Strike
2-2: Strikes out swinging
Bottom of the 6th over - 1 run, 3 hits, 0 errors, 2 left on base; Frisco 8 - Northwest Arkansas 1
TOP OF THE 7TH
Frisco RoughRiders batting - Pitching for Northwest Arkansas Naturals : RHP Tim Tucker
Batting: RHB Chris Torlak 0-0: Ball
1-0: Ball
2-0: Swinging Strike
2-1: SINGLE (Groundball, 4MD, EV 106.9 MPH)
Batting: RHB Jason Swisher 0-0: Ball
1-0: Swinging Strike
1-1: Swinging Strike
1-2: Ball
2-2: Ball
3-2: Fly out, F3 (Popup, 3F, EV 66.9 MPH)
Pitching: RHP Vinny Reveles
Batting: RHB Adryão Anto 0-0: Called Strike
0-1: Fly out, F8 (Flyball, 89M, EV 81.2 MPH)
Batting: SHB Reagan Dudley 0-0: Ball
1-0: Called Strike
1-1: Ball
2-1: Foul Ball, location: 2F
2-2: Fielders Choice at 2nd, U6 (Groundball, 6M, EV 78.8 MPH)
Top of the 7th over - 0 runs, 1 hit, 0 errors, 1 left on base; Frisco 8 - Northwest Arkansas 1
BOTTOM OF THE 7TH
Northwest Arkansas Naturals batting - Pitching for Frisco RoughRiders : RHP Tony Castellanos
Batting: SHB Jason Anaya 0-0: Called Strike
0-1: Swinging Strike
0-2: Ball
1-2: Foul Ball, location: 2F
1-2: Strikes out swinging
Batting: LHB Josh Moore 0-0: Foul Ball, location: 2F
0-1: Ball
1-1: Foul Ball, location: 2F
1-2: Ground out 4-3 (Groundball, 34D, EV 85.6 MPH)
Batting: RHB Kevin Allen 0-0: Foul Ball, location: 2F
0-1: Ball
1-1: Ball
2-1: Swinging Strike
2-2: Strikes out swinging
Bottom of the 7th over - 0 runs, 0 hits, 0 errors, 0 left on base; Frisco 8 - Northwest Arkansas 1
TOP OF THE 8TH
Frisco RoughRiders batting - Pitching for Northwest Arkansas Naturals : RHP Vinny Reveles
Batting: RHB Kurt Wagner 0-0: Ball
1-0: Called Strike
1-1: Ball
2-1: Ball
3-1: Foul Ball, location: 2F
3-2: Base on Balls
Batting: LHB Manuel Arguello 0-0: Ball
1-0: Ball
2-0: Ball
3-0: Base on Balls
Kurt Wagner to second
Batting: SHB Johnny Stables 0-0: Foul Ball, location: 2F
0-1: Ball
1-1: SINGLE (Groundball, 4M, EV 98.8 MPH) (infield hit)
Kurt Wagner to third
Manuel Arguello to second
Batting: LHB Davey Schonewille 0-0: SINGLE (Groundball, 34S, EV 67.5 MPH) (infield hit)
Kurt Wagner scores
Manuel Arguello to third
Johnny Stables to second
Batting: LHB Justin Barker 0-0: Called Strike
0-1: Ball
1-1: Ball
2-1: Foul Ball, location: 2F
2-2: Hit by Pitch
Manuel Arguello scores
Johnny Stables to third
Davey Schonewille to second
Batting: RHB Chris Torlak 0-0: Ball
1-0: Ball
2-0: Foul Ball, location: 2F
2-1: Ball
3-1: Called Strike
3-2: Grounds into double play, 5-4-3 (Groundball, 56, EV 100.6 MPH)
Johnny Stables scores
Davey Schonewille to third
Batting: RHB Jason Swisher 0-0: Ball
1-0: Fly out, F9 (Line Drive, 89M, EV 93.8 MPH)
Top of the 8th over - 3 runs, 2 hits, 0 errors, 1 left on base; Frisco 11 - Northwest Arkansas 1
BOTTOM OF THE 8TH
Northwest Arkansas Naturals batting - Pitching for Frisco RoughRiders : RHP Tony Castellanos
Batting: RHB Ben Minge 0-0: Called Strike
0-1: Foul Ball, location: 2F
0-2: Strikes out swinging
Batting: LHB Joel Page 0-0: Ground out 4-3 (Groundball, 4, EV 88.1 MPH)
Batting: RHB Danny Weisse 0-0: Called Strike
0-1: Swinging Strike
0-2: Foul Ball, location: 2F
0-2: Strikes out swinging
Bottom of the 8th over - 0 runs, 0 hits, 0 errors, 0 left on base; Frisco 11 - Northwest Arkansas 1
TOP OF THE 9TH
Frisco RoughRiders batting - Pitching for Northwest Arkansas Naturals : RHP Vinny Reveles
Batting: RHB Adryão Anto 0-0: Swinging Strike
0-1: Called Strike
0-2: Ball
1-2: Foul Ball, location: 2F
1-2: Fly out, F4 (Popup, 34S, EV 73.1 MPH)
Batting: SHB Reagan Dudley 0-0: Ball
1-0: Swinging Strike
1-1: Foul Ball, location: 2F
1-2: Strikes out swinging
Batting: RHB Kurt Wagner 0-0: Ball
1-0: Foul Ball, location: 2F
1-1: SINGLE (Groundball, 56S, EV 68.8 MPH) (infield hit)
Batting: LHB Manuel Arguello 0-0: DOUBLE (Flyball, 8RD, EV 100.0 MPH)
Kurt Wagner to third
Runner from 3rd tries for Home, SAFE, no throw by CF
Batting: SHB Johnny Stables 0-0: Ball
1-0: Called Strike
1-1: Called Strike
1-2: Ball
2-2: Strikes out swinging
Top of the 9th over - 1 run, 2 hits, 0 errors, 1 left on base; Frisco 12 - Northwest Arkansas 1
BOTTOM OF THE 9TH
Northwest Arkansas Naturals batting - Pitching for Frisco RoughRiders : RHP Tony Castellanos
Now in LF: Brandon Davis
Batting: RHB Yi-lin Niu 0-0: Ball
1-0: Called Strike
1-1: Fly out, F9 (Line Drive, 89M, EV 93.8 MPH)
Batting: RHB Alex Cid 0-0: Foul Ball, location: 2F
0-1: Foul Ball, location: 2F
0-2: Ball
1-2: Ball
2-2: Ball
3-2: Strikes out swinging
Pitching: RHP Willie Felix
Batting: RHB Kevin Roseen 0-0: Foul Ball, location: 2F
0-1: Called Strike
0-2: Ball
1-2: Foul Ball, location: 2F
1-2: Ball
2-2: Strikes out swinging
Bottom of the 9th over - 0 runs, 0 hits, 0 errors, 0 left on base; Frisco 12 - Northwest Arkansas 1
Tuesday, September 13th , 2022 - OOTP Baseball 23.7 Build 88